Unix NetHack Version 5.0.0-0 post-release - last build May 10 2026 23:12:36 (d1fa5d53e341ca933230fdaa984d921c805b60aa,branch:main).

Game began 2026-05-13 13:11:51, ended 2026-05-13 14:33:14.

Drastanta, lawful male human Samurai

                                                     ------
                       --     ----                ----.--.--
                   -----.-  --...|               --.|......|       ----
                   |......---....|--   --  -------...)....----------..--
                   |.............--.----.---.....................(.....-----
               --  |.....................................------------.)..|.|
             ---.---...  ......---.........<...........|..|         --.|)..|
           ---.........-  ....-  ---.................----.-          ----.---
           |.........##   -...--   |............--..#-  --.|            |.).|
               ......####-##...--  ----......----|..|     --            ---)--
                 -...##.#.##....|     --....--   --##                     |.)|
                 |..............|      --...|     ##---#---              --..|
                 #..............--- --- |...|     #..-#*..| ----         |...--
                  -...@...........##-.---(..--    #.......---..---      --....|
                  -............-#............---#####........>...------ |....--
                 |.............###......*.............................| --...|
                 |..............#--..---....-------###....##...)).....|  -----
                 --.....|....|..# |..| --...|        |...#-)..^.##....|
                  ---..---..---## ----  |..--        ##..##---.-###..--
                    ---- ----           ----          ##-#   ---  #---
Drastanta the Ninja    St:17 Dx:13 Co:18 In:13 Wi:9 Ch:6  Lawful
Dlvl:4  $:0  HP:0(62) Pw:19(29) AC:10 Xp:7 T:4841  Blind

Latest messages:
 You are beginning to feel hungry.
 You feel an unseen monster!
 You feel an unseen monster!
 You feel an unseen monster!
 You feel an unseen monster!
 You feel an unseen monster!
 You feel an unseen monster!
 There is an uncursed gunyoki here; eat it? [ynq] (n) y
 This food really hits the spot!
 You finish eating the gunyoki.
 You feel an unseen monster!
 You feel an unseen monster!
 It bites!
 You feel an unseen monster!
 It bites!
 You feel an unseen monster!
 It bites!
 You feel an unseen monster!
 It bites!
 You return to human form!
 You turn into a werejackal!
 Use the command #monster to summon help.
 You feel an unseen monster!
 It bites!
 You feel an unseen monster!
 It bites!
 You feel an unseen monster!
 It bites!
 You return to human form!
 You feel an unseen monster!
 It bites!
 It bites!
 You feel an unseen monster!
 It bites!
 You feel an unseen monster!
 You feel an unseen monster!
 It bites!
 You feel an unseen monster!
 It bites!
 You feel an unseen monster!
 It bites!
 You feel an unseen monster!
 It bites!
 You feel an unseen monster!
 It bites!
 You die...
 Do you want to see your attributes? [ynq] (y) n
 Do you want an account of creatures vanquished? [ynaq] (y) n
 Do you want to see your conduct and achievements? [ynq] (y) n
 Do you want to see the dungeon overview? [ynq] (y) n

Inventory:
Not carrying anything.
Drastanta the Samurai's attributes:

Background:
 You were a Ninja, a level 7 male human Samurai.
 You were lawful, on a mission for Amaterasu Omikami
 who was opposed by Raijin (neutral) and Susanowo (chaotic).
 You were right-handed.
 You were in the Gnomish Mines, on level 4.
 You entered the dungeon 4841 turns ago.
 You had 722 experience points, 558 more were needed to attain level 8.

Basics:
 You had 0 out of 62 hit points.
 You had 19 out of 29 energy points (spell power).
 Your armor class was 10.
 Your wallet was empty.
 Autopickup was off.

Final Characteristics:
 Your strength was 17 (limit:18/100).
 Your dexterity was 13 (limit:18).
 Your constitution was 18 (limit:18).
 Your intelligence was 13 (limit:18).
 Your wisdom was 9 (limit:18).
 Your charisma was 6 (limit:18).

Final Status:
 You were temporarily blind.
 You weren't hungry.
 You were unencumbered.
 You were bare handed.
 You had basic skill with martial arts.
 You weren't wearing any armor.

Final Attributes:
 You were piously aligned.
 You were level-drain resistant.
 You were a werejackal.
 You were harmed by silver.
 You were fast.
 You are dead.

Miscellaneous:
 You encountered 1 bones level.
 Total elapsed playing time was 1 hour, 17 minutes and 24 seconds.

Major events:
 Turn
    1: Drastanta the lawful male human Samurai entered the dungeon
  844: entered the Gnomish Mines
 1206: attained the rank of Ronin (level 3)
 3584: attained the rank of Ninja (level 6)
 3676: entered Sokoban
 4841: killed by a rabid rat

You didn't know any spells.

Skills:
 Fighting Skills
   martial arts      [Basic]
   two weapon combat [Unskilled]
   riding            [Unskilled]
 Weapon Skills
   dagger            [Unskilled]
   knife             [Unskilled]
   short sword       [Basic]
   broadsword        [Unskilled]
   long sword        [Skilled]
   two-handed sword  [Unskilled]
   saber             [Unskilled]
   flail             [Unskilled]
   quarterstaff      [Unskilled]
   polearms          [Unskilled]
   spear             [Unskilled]
   lance             [Unskilled]
   bow               [Basic]
   shuriken          [Unskilled]
 Spellcasting Skills
   attack spells     [Unskilled]
   divination spells [Unskilled]
   clerical spells   [Unskilled]

Voluntary challenges:
 Character rerolling was not enabled.
 You never genocided any monsters.
 You never polymorphed an object.
 You used no wishes.
 You did not violate any of the special Sokoban rules.
Achievements:
 You entered a shop.
 You entered the Gnomish Mines.
 You attained the rank of Ronin.
 You attained the rank of Ninja.
 You entered Sokoban.

 The Dungeons of Doom: levels 1 to 8
    Level 1:
       A fountain.
    Level 2:
       An altar to Amaterasu Omikami, some fountains.
    Level 3:
       A general store.
       Stairs down to The Gnomish Mines.
    Level 4:
       Some fountains.
    Level 5:
       Many shops.
    Level 6:
    Level 7:
    Level 8:
       A bookstore, a fountain.
       Stairs up to Sokoban, level 7.
 The Gnomish Mines: levels 4 to 5
    Level 4: <- You were here.
       Final resting place for
          you, killed by a rabid rat.
    Level 5:
       Final resting place for
          ArrBianca-Arc-Dwa-Fem-Law, killed by a homunculus, while sleeping.
 Sokoban:
    Level 7:
       Unsolved.


Vanquished creatures:
  3 leprechauns
 an iron piercer
  2 dogs
  a dwarf leader
  a blue jelly
  a gnome mummy
 an imp
  a wood nymph
  a mountain nymph
 an orc shaman
  a rock piercer
  2 ponies
  a yellow light
  2 gnome leaders
  a kobold mummy
  a paper golem
  8 giant ants
  a little dog
  a kitten
  4 dwarves
  a homunculus
  2 rothes
  a rabid rat
  a centipede
 an orc zombie
  2 dwarf zombies
  3 werejackals
  4 iguanas
 an acid blob
  a hobbit
  2 hobgoblins
  4 giant rats
  a cave spider
  2 yellow molds
  a green mold
  8 gnomes
  3 geckos
  5 jackals
  a fox
  2 kobolds
  2 goblins
  2 sewer rats
  8 grid bugs
  3 bats
  3 lichens
  a kobold zombie
  a newt
101 creatures vanquished.

No species were genocided or became extinct.

Game over:
                       ----------
                      /          \
                     /    REST    \
                    /      IN      \
                   /     PEACE      \
                  /                  \
                  |    Drastanta     |
                  |       0 Au       |
                  |   killed by a    |
                  |    rabid rat     |
                  |                  |
                  |                  |
                  |       2026       |
                 *|     *  *  *      | *
        _________)/\\_//(\/(/\)/\//\/|_)_______

Sayonara Drastanta the Samurai...

You died in The Gnomish Mines on dungeon level 4 with 3248 points,
and 0 pieces of gold, after 4841 moves.
You were level 7 with a maximum of 62 hit points when you died.

